[Event "5th Sharjah Masters 2022"]
[Site "Sharjah"]
[Date "2022.05.24"]
[Round "4.40"]
[White "Injac, Teodora"]
[Black "Ammar, Sedrani"]
[Result "0-1"]
[ECO "E07"]
[WhiteElo "2384"]
[BlackElo "2255"]
[Annotator "TA"]
[PlyCount "86"]
[EventDate "2022.05.21"]
[EventType "swiss"]
[EventCountry "UAE"]
[SourceTitle "playchess.com"]
[Source "ChessBase"]
[SourceQuality "1"]
[TimeControl "5400+30"]

1. d4 d5 2. c4 e6 3. Nf3 Nf6 4. g3 Be7 5. Bg2 O-O 6. O-O c6 7. Nc3 Nbd7 8. Qd3 b6 9. e4 Ba6 10. b3 Rc8 11. e5 Ne8 12. a4 {[%emt 0:09:10] E07: Closed Catalan: Main Line (5 Nf3 0-0 6 0-0 Nbd7).} dxc4 13. bxc4 Nc5 14. Qc2 {[%emt 0:06:18] White is slightly better.} Nb7 15. Ne4 (15. Nd1 $1 $14) 15... Na5 $11 {[%emt 0:06:09] [#]} 16. Neg5 $146 ({Predecessor:} 16. Ned2 c5 17. Bb2 cxd4 18. Nxd4 Nxc4 19. Rfd1 Ne3 20. Nc6 Nxc2 21. Nxd8 Rxd8 {0-1 (21) Batchis,P (1558)-Portugalera,R (1954) Bangkok 2021}) 16... g6 17. Qe4 (17. Rb1 $11 {keeps the balance.}) 17... Bxc4 18. Qh4 h5 19. Qf4 (19. Re1 $17) 19... Bxf1 $19 20. Bxf1 Nb3 21. Bc4 Bxg5 ({Worse is} 21... Nxa1 22. Nxe6 Qd7 23. Nxf8 Bxf8 24. e6 fxe6 25. Ne5 $11) 22. Nxg5 Nxd4 (22... Nxa1 23. Nxe6 Qe7 24. Nxf8 Qxf8 25. e6 $17) 23. Ne4 {[%emt 0:02:11] [#]} b5 (23... Qd5 $3 $19 24. Bxd5 (24. Nf6+ $2 Nxf6 25. Bxd5 Ne2+ 26. Kf1 Nxf4 $19) 24... Ne2+ 25. Kf1 Nxf4) 24. Bf1 (24. Be3 $17 bxc4 25. Bxd4) 24... Qd5 (24... f5 $19 25. Ng5 b4) 25. Bb2 {[%emt 0:02:28] aiming for Bxd4.} Kg7 ({Black should play} 25... f5 $17 26. Ng5 Nb3) 26. axb5 $15 c5 (26... cxb5 $15 27. Ba3 Nf5 $1 28. Bxf8+ Kxf8 29. Rxa7 Qd1) 27. Rxa7 $11 {[%emt 0:00:00] White wants to play b6.} Rb8 (27... Ra8 $1 $11 28. b6 Rxa7 29. bxa7 Qb7) 28. Bc1 {[%emt 0:00:00] Hoping for Qh6+.} Kg8 29. Re7 (29. Be3 $1 $16) 29... Qd8 $1 (29... Nxb5 $2 30. Rxe8 $1 Qxe4 31. Rxf8+ Rxf8 32. Qxe4 $18) 30. Rxe8 {[%emt 0:00:00][%mdl 64] Decoy} Rxe8 31. Nf6+ Kf8 32. Ba3 $2 {[%emt 0:00:00] [#]} (32. Be3 $11 {and White is okay.}) 32... Rc8 $1 33. Ne4 $2 (33. Qh6+ $11 Ke7 34. Qe3) (33. b6 Kg7) 33... Nf5 $19 34. Nxc5 (34. Nd6 {keeps fighting.}) 34... Kg7 35. Ne4 Ra8 36. Bb2 (36. Qc1) 36... Ra4 {[%emt 0:01:19] Black is clearly winning.} 37. Qf3 Qd5 38. Ng5 Qd2 39. Qb3 Rb4 40. Bc3 Qxf2+ ({Inferior is} 40... Qxg5 41. Bxb4 Qg4 42. b6 $11) 41. Kxf2 Rxb3 42. Ne4 Rc8 43. Bd2 Nd4 {[%emt 0:00:43] Weighted Error Value: White=0.76/Black=0.37} 0-1

[Event "5th Sharjah Masters 2022"]
[Site "Sharjah"]
[Date "2022.05.25"]
[Round "5.1"]
[White "Salem, A.R. Saleh"]
[Black "Gupta, Abhijeet"]
[Result "1/2-1/2"]
[ECO "E01"]
[WhiteElo "2690"]
[BlackElo "2606"]
[Annotator "TA"]
[PlyCount "52"]
[EventDate "2022.05.21"]
[EventType "swiss"]
[EventCountry "UAE"]
[SourceTitle "playchess.com"]
[Source "ChessBase"]
[SourceQuality "1"]
[TimeControl "5400+30"]

1. d4 d5 2. c4 c6 3. Nc3 Nf6 4. Nf3 e6 5. g3 dxc4 6. Bg2 Nbd7 7. a4 Be7 8. O-O O-O 9. a5 {[%emt 0:00:02] E01: Catalan: Early deviations.} Nd5 10. e4 {[%emt 0:00:28][%mdl 1024] White has compensation.} Nb4 11. Qe2 {[%emt 0:00:19] The position is equal.} e5 12. d5 (12. Qxc4 exd4 13. Ne2 (13. Qxd4 Nc2 $17) (13. Nxd4 $2 Ne5 $19) 13... c5 $17) (12. dxe5 Nd3 $15) 12... Nd3 13. Be3 {[%emt 0:23:07][%cal Ob2b3] [#]} Nf6 $146 ({Predecessor:} 13... Bb4 14. a6 Bxc3 15. bxc3 cxd5 16. exd5 b5 17. Rfb1 Nb6 18. Rxb5 Bd7 19. Rba5 Bf5 {1-0 (68) Gupta,A (2634)-Tate,A (2309) London 2016}) 14. Nd2 cxd5 15. Nxd5 Nxd5 16. exd5 f5 17. d6 Bxd6 {[%emt 0:02:31] Strongly threatening ...Be6.} (17... Qxd6 18. Nxc4 Qd8 19. Rfd1 $16) 18. Bd5+ Kh8 {[%emt 0:00:05] And now ...Be7 would win.} 19. Nxc4 e4 20. f3 (20. a6 Rb8 $14) 20... f4 (20... Bxg3 $5 21. fxe4 Nf4 22. Bxf4 Bxf4 23. Rxf4 Qg5+ 24. Qg4 Qxg4+ 25. Rxg4 fxg4 $11) 21. Bxe4 fxe3 22. Nxd6 ({Reject} 22. Qxd3 Bc5 23. Qe2 Bf5 $11) ({Better is} 22. Rfd1 $1 $14 Bc5 23. Rxd3) 22... Qxd6 (22... Nf2 $5 23. Nxc8 (23. Nxb7 Qd4 $15) (23. Bxb7 $2 Bxb7 24. Nxb7 Qd5 $19) 23... Nxe4 24. fxe4 Rxf1+ 25. Rxf1 Rxc8 $14) 23. Rfd1 Nf4 $1 24. Rxd6 Nxe2+ 25. Kf1 Nxg3+ 26. hxg3 Bf5 {[%emt 0:00:51] Weighted Error Value: White=0.08 (flawless) /Black=0.04 (flawless)} 1/2-1/2

[Event "5th Sharjah Masters 2022"]
[Site "Sharjah"]
[Date "2022.05.25"]
[Round "5.2"]
[White "Deac, Bogdan-Daniel"]
[Black "Yilmaz, Mustafa"]
[Result "1/2-1/2"]
[ECO "E04"]
[WhiteElo "2671"]
[BlackElo "2631"]
[Annotator "TA"]
[PlyCount "47"]
[EventDate "2022.05.21"]
[EventType "swiss"]
[EventCountry "UAE"]
[SourceTitle "playchess.com"]
[Source "ChessBase"]
[SourceQuality "1"]
[TimeControl "5400+30"]

1. d4 Nf6 2. c4 e6 3. Nf3 d5 4. g3 dxc4 5. Bg2 c5 6. O-O Nc6 7. Qa4 Bd7 8. Qxc4 b5 9. Qc3 {[%emt 0:00:03] E04: Open Catalan: 5 Nf3.} b4 10. Qd3 Rc8 11. Bf4 {[%emt 0:00:29] The position is equal.} cxd4 12. Nbd2 Nd5 13. Be5 Nxe5 14. Nxe5 Be7 {[%emt 0:00:52] [#]} 15. Rfc1 $146 ({Predecessor:} 15. Bxd5 exd5 16. Ndf3 O-O 17. Nxd4 Bf6 18. Nxd7 Qxd7 19. e3 Rc4 20. Rad1 Rfc8 21. b3 {½-½ (30) Wojtaszek,R (2727)-Harikrishna,P (2743) Batumi 2018}) 15... O-O 16. Nb3 Bf6 17. Ng4 Be7 18. Nxd4 Qb6 19. Ne5 Rxc1+ (19... Qd6 $11 {remains equal.} 20. Nxd7 Qxd7) 20. Rxc1 $16 Rc8 21. Rxc8+ Bxc8 22. Bxd5 {[%emt 0:01:46] White is more active.} exd5 {[%emt 0:00:45] [#]} 23. Qf3 $1 Be6 24. Nxe6 {[%emt 0:00:09] Weighted Error Value: White=0.11 (very precise) /Black=0.09 (flawless)} 1/2-1/2

[Event "5th Sharjah Masters 2022"]
[Site "Sharjah"]
[Date "2022.05.25"]
[Round "5.3"]
[White "Iskandarov, Misratdin"]
[Black "Abdusattorov, Nodirbek"]
[Result "0-1"]
[ECO "C78"]
[WhiteElo "2601"]
[BlackElo "2661"]
[Annotator "TA"]
[PlyCount "72"]
[EventDate "2022.05.21"]
[EventType "swiss"]
[EventCountry "UAE"]
[SourceTitle "playchess.com"]
[Source "ChessBase"]
[SourceQuality "1"]
[TimeControl "5400+30"]

1. e4 e5 2. Nf3 Nc6 3. Bb5 a6 4. Ba4 Nf6 5. O-O Bc5 6. Bxc6 dxc6 {[%emt 0:00:12] [#]} (6... bxc6 7. Nxe5 Nxe4 8. Qe2 $16 (8. Qf3 Ng5 $11)) 7. Qe1 $146 {[%emt 0:00:05] C78: Ruy Lopez: Archangelsk and Möller Defences.} ({Predecessor:} 7. d3 Nd7 8. Nc3 O-O 9. Be3 Bd6 10. Nd2 Nc5 11. Ne2 Ne6 12. a4 b6 13. Nc4 c5 14. Qe1 f6 {0-1 (51) Alekseenko,K (2702)-Tabatabaei,M (2623) Chess.com INT 2022}) 7... O-O 8. d3 Nd7 9. Be3 {[%emt 0:01:40] The position is equal.} Re8 10. Nbd2 Bd6 11. Nc4 Nf8 12. Qc3 f6 13. a4 Bg4 14. Nfd2 Ne6 15. a5 Kh8 16. Qb3 Qd7 17. Nxd6 ({Avoid the trap} 17. Qxb7 $2 Reb8 18. Nb6 Qe8 $1 19. Qxa8 Rxa8 20. Nxa8 Qxa8 $19) 17... cxd6 18. Nc4 Qe7 19. Ra4 Rac8 20. Qa3 Rcd8 21. Bb6 Rd7 22. Ne3 Bh5 23. Re1 Nf4 24. Nf5 Qe6 {[%emt 0:00:05][%cal Oh5f3] Hoping for ...Bf3!} 25. Be3 g5 26. Qa2 d5 27. Ng3 {[%emt 0:01:04] aiming for Bxf4.} Bf3 28. gxf3 (28. Bxf4 $11 gxf4 29. gxf3) 28... Qh3 $15 29. Bxf4 gxf4 {[%emt 0:00:04] [#]} (29... g4 $1 $15 30. fxg4 (30. exd5 $2 {is a self mate.} gxf3 31. dxc6 Qg2#) 30... exf4) 30. exd5 $2 {[%emt 0:00:38][%mdl 8192] This costs White the game.} Rg8 $19 {[%emt 0:00:22][%mdl 64] Pin} 31. dxc6 {[%emt 0:25:08] [#]} fxg3 $1 32. Qxg8+ (32. fxg3 {[#] leads to mate.} Rxg3+ $1 33. hxg3 Qxg3+ 34. Kh1 Rg7 35. Rg4 Qxf3+ 36. Kh2 Rxg4) 32... Kxg8 {[%emt 0:00:02] The board is on fire.} 33. hxg3 bxc6 {[%emt 0:00:03] And now ...Rg7 would win.} 34. Rb4 Rd5 35. Rb6 (35. Rg4+ $142 Kf8 36. b4) 35... Rxa5 {[%emt 0:00:20][%cal Oe5e4] ( -> ...e4!)} 36. Rxc6 e4 {[%emt 0:00:13] Weighted Error Value: White=0.59/Black=0.09 (flawless)} 0-1

[Event "5th Sharjah Masters 2022"]
[Site "Sharjah"]
[Date "2022.05.25"]
[Round "5.4"]
[White "Martirosyan, Haik M."]
[Black "Chigaev, Maksim"]
[Result "1-0"]
[ECO "E73"]
[WhiteElo "2652"]
[BlackElo "2631"]
[Annotator "TA"]
[PlyCount "73"]
[EventDate "2022.05.21"]
[EventType "swiss"]
[EventCountry "UAE"]
[SourceTitle "playchess.com"]
[Source "ChessBase"]
[SourceQuality "1"]
[TimeControl "5400+30"]

1. d4 Nf6 2. c4 g6 3. Nc3 Bg7 4. e4 d6 5. Be2 O-O 6. Be3 c6 7. h4 {[%emt 0:03:47] E73: King's Indian: Averbakh Variation without 6...c5.} h5 8. Qd2 $5 {[%emt 0:01:30][%mdl 4] An interesting side line.} a6 9. a4 {[%emt 0:04:36] The position is equal.} a5 10. f3 {[%emt 0:02:08] [#]} e5 $146 ({Predecessor:} 10... Na6 11. Nh3 Nb4 12. Nf2 e5 13. O-O-O exd4 14. Bxd4 d5 15. cxd5 cxd5 16. exd5 Bd7 {0-1 (47) Papayan,O (2246)-Starozhilov,L (2318) Chess.com INT 2019}) 11. d5 Na6 12. Nh3 Bd7 13. Nf2 cxd5 14. cxd5 ({Much weaker is} 14. Nxd5 Nxd5 15. cxd5 f5 $11) 14... Rc8 15. Ra3 {[%emt 0:06:24] White now steadily converts the win.} Nb4 16. Nd3 Rc4 (16... Be8 $16) 17. Nxe5 $18 Rc8 (17... Rxe4 $142 18. fxe4 (18. Nxd7 Rxe3 19. Nxf8 Qxf8 $14) 18... dxe5) 18. Nc4 Rxc4 19. Bxc4 Nh7 20. Bb5 Bc8 21. Kd1 f5 22. Bh6 fxe4 23. Bxg7 ({But not} 23. fxe4 Qf6 24. Kc1 Qe5 $18) 23... Kxg7 24. Nxe4 Bf5 25. Qd4+ Kh6 26. Re3 {[%emt 0:01:47] White is clearly winning.} Qc7 {[%emt 0:00:24] [#] White must now prevent ...Qc2+.} 27. Rc3 {[%emt 0:00:56] Prevents Qc2+.} Qe7 28. Re1 Qxh4 29. Qd2+ g5 30. g3 Qh3 31. Bf1 Qh1 32. Bg2 Qh2 33. Rh1 Qxh1+ 34. Bxh1 Bxe4 35. fxe4 Rf1+ 36. Ke2 Rxh1 37. Qd4 {[%emt 0:00:32] Weighted Error Value: White=0.09 (flawless) /Black=0.40} 1-0

[Event "5th Sharjah Masters 2022"]
[Site "Sharjah"]
[Date "2022.05.25"]
[Round "5.5"]
[White "Tabatabaei, M. Amin"]
[Black "Yuffa, Daniil"]
[Result "1-0"]
[ECO "B31"]
[WhiteElo "2650"]
[BlackElo "2597"]
[Annotator "TA"]
[PlyCount "121"]
[EventDate "2022.05.21"]
[EventType "swiss"]
[EventCountry "UAE"]
[SourceTitle "playchess.com"]
[Source "ChessBase"]
[SourceQuality "1"]
[TimeControl "5400+30"]

1. e4 c5 2. Nf3 Nc6 3. Bb5 g6 4. O-O Bg7 5. Re1 e5 6. Bxc6 dxc6 7. d3 Qe7 8. a4 Nf6 {[%emt 0:06:03][%cal Bg8f6,Bf6d7,Bd7f8,Bf8e6,Be6d4][%mdl 32] B31: Sicilian: 2...Nc6 3 Bb5 g6.} 9. Nbd2 Nd7 10. Nc4 Nf8 {[%emt 0:08:51] [#] The position is equal.} 11. Bd2 $5 $146 {[%emt 0:17:57][%cal Of3e5][%mdl 8] Hoping for Nfxe5! New and interesting.} ({Predecessor:} 11. a5 Bg4 12. h3 Bxf3 13. Qxf3 Ne6 14. Be3 O-O 15. Qg3 Qc7 16. Reb1 b5 17. axb6 axb6 18. Rxa8 Rxa8 {½-½ (69) Melaa,S (2117)-Carlsson,L (2374) Uppsala 2021}) 11... Bg4 12. h3 Bxf3 13. Qxf3 Ne6 14. a5 Nd4 15. Qd1 O-O 16. Rb1 Qc7 17. b4 cxb4 18. Bxb4 {[%emt 0:01:17] Black should prevent c3.} Rfd8 19. Bc5 Bf8 20. Bxf8 Rxf8 21. Qd2 Rab8 22. c3 Nb5 23. h4 f6 24. h5 g5 25. Re3 Qf7 26. Rg3 Kh8 27. Ne3 Rbd8 28. h6 Rd7 29. Rf3 Qe6 30. Nf5 Rfd8 31. Rb4 Nd6 32. Nxd6 Qxd6 33. Qb2 Qe7 34. g3 Qf7 35. Kg2 Qe7 36. Rf5 Rg8 (36... c5 $5 37. Rb5 Rc7 $11) 37. Qe2 Rg6 38. d4 (38. Qe3 {seems wilder.} Rxh6 39. Qxa7 Kg7 40. a6) 38... c5 39. dxc5 {[%emt 0:00:20] White is more active.} (39. Rc4 $5 ) 39... Qxc5 40. a6 b6 41. Rc4 Qf8 42. Rc6 {[%emt 0:00:16] Black must now prevent Rf3.} (42. Rf3 $5 ) 42... Rxh6 43. Qc4 (43. Rf3 $5 ) 43... Qf7 (43... g4 $11 44. Qb3 Qe7) 44. Qxf7 $16 Rxf7 {[%emt 0:00:02] [#]} 45. Rxe5 $3 fxe5 46. Rxh6 {[%emt 0:00:03][%mdl 4096] Endgame Strongly threatening Re6. KR-KR} Rc7 $2 {[%emt 0:02:17] [#] This costs Black the game.} (46... Re7 $16 {is a better defense.}) 47. Re6 $1 $18 Kg7 48. Rxe5 Kf6 49. Rf5+ Kg6 {[%emt 0:00:05] [#]} 50. f4 $1 gxf4 51. gxf4 Rxc3 52. Rf8 Ra3 53. e5 Kg7 54. Rb8 Rxa6 $2 (54... Kg6 55. e6 Re3) 55. f5 {[%emt 0:01:14][%cal Bf4f5,Bf5f6][%mdl 32] Intending f6+ and mate.} Ra5 56. f6+ {[%emt 0:00:52] White mates.} Kf7 57. Rb7+ Kg6 58. Rg7+ Kh6 59. e6 Rf5 60. e7 Rxf6 61. Rg8 {[%emt 0:00:08] Weighted Error Value: White=0.09 (flawless) /Black=0.39} 1-0

[Event "5th Sharjah Masters 2022"]
[Site "Sharjah"]
[Date "2022.05.25"]
[Round "5.6"]
[White "Petrosyan, Manuel"]
[Black "Sindarov, Javokhir"]
[Result "1-0"]
[ECO "C54"]
[WhiteElo "2638"]
[BlackElo "2609"]
[Annotator "TA"]
[PlyCount "105"]
[EventDate "2022.05.21"]
[EventType "swiss"]
[EventCountry "UAE"]
[SourceTitle "playchess.com"]
[Source "ChessBase"]
[SourceQuality "1"]
[TimeControl "5400+30"]

1. e4 e5 2. Nf3 Nc6 3. Bc4 Nf6 4. d3 Bc5 5. c3 a6 6. O-O d6 7. a4 $1 {[%emt 0:01:09][%mdl 4] is more profitable than 7.Bb3 at the moment. C54: Giuoco Piano: 4 c3 Nf6, main lines with 5 d4 and 5 d3.} Ba7 8. Re1 O-O 9. h3 {[%emt 0:03:33] The position is equal.} Ne7 10. d4 Ng6 11. Bd3 d5 {[%emt 0:13:29] [#]} 12. Nxe5 $146 ({Predecessor:} 12. exd5 exd4 13. cxd4 Nxd5 14. Nc3 Ndf4 15. Be4 c6 16. Be3 Qf6 17. a5 Bf5 18. Bxf4 Nxf4 19. Bxf5 Qxf5 {½-½ (51) Saric,I (2645)-Saraci,N (2430) Petrovac 2021}) 12... Nxe5 13. dxe5 Nxe4 14. Be3 Bxe3 15. Rxe3 f5 16. Nd2 (16. exf6 $5 Qxf6 17. Rf3 $11) 16... f4 17. Re1 (17. Rxe4 $5 dxe4 18. Bxe4 $11) 17... Nxd2 18. Qxd2 Be6 19. Be2 Qe8 20. Bg4 h5 21. Bf3 Rd8 22. Qe2 g6 23. b4 Kg7 24. b5 axb5 25. axb5 Qe7 26. Ra7 Qc5 27. Rxb7 Qxc3 28. b6 Rf7 29. bxc7 Rxc7 30. Rxc7+ Qxc7 31. Qa6 Qc3 32. Re2 Qc8 ({Black should play} 32... Re8 $14) 33. Qb6 $36 {[%emt 0:00:16][%mdl 2048] White is in control.} Re8 34. Ra2 {[%emt 0:01:06] aiming for Ra7+. White is more active.} Re7 35. Ra7 {[%emt 0:02:20] Against Qc7} (35. Ra6 $1 $16) 35... Rxa7 $1 $14 36. Qxa7+ {[%emt 0:00:02][%mdl 4096] Endgame KQB-KQB} Kh6 37. Qe7 {[%emt 0:01:00] Hoping for Qf6.} Qg8 $2 {[%emt 0:00:03] This costs Black the game.} ({Better is} 37... d4 $1 $14) 38. Qf6 $1 $18 Qf7 {[%emt 0:00:05] White must now prevent ...Qxf6.} 39. Qh8+ Qh7 {[%emt 0:02:14] [#]} 40. Qf8+ Qg7 41. Qxf4+ g5 (41... Kh7 $142 42. Be2 Qf7) 42. Qd4 Qc7 {[%emt 0:00:20] [#]} 43. g3 ({And not} 43. Bxd5 Qd7 44. h4 Qxd5 45. hxg5+ Kxg5 46. Qe3+ Kg6 $11) (43. g4 $1 $18 ) 43... Qf7 (43... Bxh3 $16 44. Bxd5 Bf5) 44. Qb6 {[%emt 0:01:44] Threatens to win with Bxd5.} Qg6 $2 (44... Qd7 {was called for.} 45. Bd1 Qe7) 45. Qd8 h4 (45... d4 $142 46. Qxd4 Bxh3) 46. Bxd5 Bxh3 47. gxh4 gxh4+ 48. Kh2 Qg4 49. Qf8+ {[%emt 0:01:02] White mates.} Kg6 50. Qf7+ Kh6 51. Qf6+ Kh7 52. Bf3 Qc4 53. Kxh3 {[%emt 0:00:09] Weighted Error Value: White=0.12 (very precise) /Black=0.49} 1-0

[Event "5th Sharjah Masters 2022"]
[Site "Sharjah"]
[Date "2022.05.25"]
[Round "5.7"]
[White "Ponkratov, Pavel"]
[Black "Sargissian, Gabriel"]
[Result "1/2-1/2"]
[ECO "C89"]
[WhiteElo "2624"]
[BlackElo "2694"]
[Annotator "TA"]
[PlyCount "126"]
[EventDate "2022.05.21"]
[EventType "swiss"]
[EventCountry "UAE"]
[SourceTitle "playchess.com"]
[Source "ChessBase"]
[SourceQuality "1"]
[TimeControl "5400+30"]

1. e4 e5 2. Nf3 Nc6 3. Bb5 a6 4. Ba4 Nf6 5. O-O Be7 6. Re1 b5 7. Bb3 O-O 8. c3 d5 9. exd5 Nxd5 10. Nxe5 Nxe5 11. Rxe5 c6 12. d4 Bd6 13. Re1 Qh4 14. g3 Qh3 15. Re4 g5 16. Qf1 {[%emt 0:00:05] C89: Closed Ruy Lopez: Marshall Attack.} (16. Bxg5 Qf5 17. Re1 (17. Bxd5 $2 cxd5 18. Bh6 dxe4 $19) 17... Qxg5 $17) 16... Qh5 17. Nd2 f5 18. Bd1 $1 {[%emt 0:00:05] White is better.} Qh6 19. Re1 f4 20. Ne4 Bc7 21. Bd2 ({Better is} 21. a4 $16) 21... Bf5 $1 $11 22. Nc5 $36 {[%emt 0:16:28][%mdl 2048] Black is under pressure. has lost popularity (22.Bf3).} Kh8 (22... Bh3 $11 23. Qe2 Bd6) 23. Bf3 Bh3 {[%emt 0:17:33] [#]} 24. Qd3 $146 (24. Qe2 $5 ) ({Predecessor:} 24. Qe2 Rf5 25. Bh1 Raf8 26. a4 f3 27. Qe4 R5f6 28. axb5 axb5 29. Nd3 Nf4 30. Nxf4 gxf4 {0-1 (30) Boccia,M (2422)-Simmelink,J (2469) LSS email 2017}) 24... Ne3 25. d5 (25. fxe3 $2 fxg3 26. Qe2 g4 $19) 25... Nxd5 (25... Bb6 $16 {keeps fighting.} 26. Qd4+ (26. fxe3 Bxc5 27. Be4 fxg3 $19) 26... Rf6 27. Bxe3 (27. fxe3 fxg3 28. hxg3 Bxc5 $15) (27. dxc6 Rd8 $17) 27... fxe3 28. Rxe3 Bxc5 29. Qxc5 Raf8) 26. Bxd5 $18 cxd5 27. c4 $1 {[%emt 0:00:02] Threatens to win with Bc3+.} (27. Qxd5 $2 Rad8 28. Qe4 Rxd2 $19) 27... Bd8 (27... dxc4 $2 28. Qd5 Be5 29. Qxe5+ $18) 28. Bc3+ ({But not} 28. Qxd5 $6 Bf6 29. Ne6 Bxe6 30. Qxe6 (30. Rxe6 Rad8 $11) 30... Rfe8 $14) (28. cxb5 axb5 29. Bc3+ (29. Qxd5 Bf6 $16) (29. Qxb5 fxg3 30. hxg3 Qf6 $14) 29... Bf6 $16) 28... Bf6 29. cxd5 b4 30. Bxf6+ Qxf6 31. Ne4 Qxb2 32. Nxg5 (32. Rab1 $1 $18 Qg7 33. Rxb4) 32... Bf5 $16 33. Qf3 fxg3 34. hxg3 Rad8 {[%emt 0:02:42] [#]} (34... Be6 $16 {is a better defense.} 35. Qg2 (35. dxe6 Rxf3 36. Nxf3 Qf6 $15) 35... Bg4) 35. Rad1 $1 $18 Qf6 {[%emt 0:04:00] [#]} 36. Qe3 a5 37. Ne6 Rde8 38. Rd2 (38. Qc5 $18 Rc8 39. Qa7) 38... Qc3 39. Rd4 {[%emt 0:02:34] Threatening mate with Qe5+.} Qxe3 40. Rxe3 Bxe6 41. dxe6 $16 {[%emt 0:00:06][%mdl 4096] Endgame KRR-KRR} Rf6 42. Rde4 Rf5 43. Kg2 {[%emt 0:04:48] And now g4 would win.} Kg7 44. g4 Rb5 45. Rd4 ({White should try} 45. Re5 $16 Rxe5 46. Rxe5) 45... a4 $1 $11 46. Rd7+ Kg8 (46... Kg6 $11 {remains equal.}) 47. Rh3 {[%emt 0:01:44] 0x0.002d00677d89dp-1022s more active pieces.} (47. Rd2 $16) 47... Rxe6 {[%emt 0:00:35] The position is equal.} 48. Rhxh7 {[%emt 0:00:12] Hoping for Rdg7+.} Rg6 {[%emt 0:01:22] Inhibits Rdg7+.} 49. Rhe7 Kf8 50. Rf7+ Kg8 51. Rf4 Rgb6 52. Rc4 Rb8 {[%emt 0:00:10] Inhibits Rc8+.} 53. Rd2 {[%emt 0:00:36] Rb2 is the strong threat.} b3 54. axb3 axb3 {[%emt 0:00:07] Strongly threatening ...b2.} 55. Rb2 Rb4 56. Rxb4 Rxb4 {[%emt 0:00:04] KR-KR} 57. f3 Kf7 58. Kf2 Kg6 59. Ke3 Kg5 60. Kd3 Rb8 61. Kc4 Rc8+ $1 62. Kxb3 Kf4 63. Rf2 Ke5 $2 {[%emt 0:03:48][%mdl 40960] Blacks defense is rewarded with a draw.  Weighted Error Value: White=0.19 (very precise) /Black=0.17 (very precise) . An unexpected result.} (63... Kg3 $11 {and Black stays safe.} 64. Rf1 Kg2) 1/2-1/2

[Event "5th Sharjah Masters 2022"]
[Site "Sharjah"]
[Date "2022.05.25"]
[Round "5.8"]
[White "Sadhwani, Raunak"]
[Black "Erigaisi Arjun"]
[Result "1/2-1/2"]
[ECO "B47"]
[WhiteElo "2619"]
[BlackElo "2675"]
[Annotator "TA"]
[PlyCount "74"]
[EventDate "2022.05.21"]
[EventType "swiss"]
[EventCountry "UAE"]
[SourceTitle "playchess.com"]
[Source "ChessBase"]
[SourceQuality "1"]
[TimeControl "5400+30"]

1. e4 c5 2. Nf3 e6 3. d4 cxd4 4. Nxd4 Nc6 5. Nc3 Qc7 6. g4 {[%emt 0:07:08] B47: Sicilian: Taimanov: 5 Nc3 Qc7 6 f4, 6 g3 and 6 Be2.} a6 7. Be3 b5 8. Nxc6 {[%emt 0:00:11] The position is equal.} Qxc6 9. Qd2 {[%emt 0:00:09] [#]} h5 $146 (9... b4 $5 10. Ne2 Qxe4 $15) ({Predecessor:} 9... b4 10. Ne2 Qxe4 11. Rg1 Qc4 12. Ng3 Qc7 13. O-O-O Ne7 14. Nh5 Nd5 15. Bd4 Rg8 {½-½ (51) Esipenko,A (2714)-Shankland,S (2708) Wijk aan Zee 2022}) 10. g5 Ne7 $1 11. Rg1 $36 {[%emt 0:08:54][%mdl 2048] White is pushing.} Ng6 12. f4 {[%emt 0:08:42] Against Ne5} Nh4 (12... Bb4 $11) 13. Qf2 {[%emt 0:03:27] White is more active.} b4 {[%emt 0:00:07] [#]} ({Weaker is} 13... Bb4 14. O-O-O Ng6 15. Bd4) 14. Nd5 ({Much worse is} 14. Qxh4 bxc3 15. b3 Qxe4 $11) 14... exd5 15. exd5 ({Not} 15. Qxh4 dxe4 16. O-O-O d5 $17) 15... Qxd5 16. Qxh4 Bc5 17. Bxc5 Qxc5 18. Qf2 {[%emt 0:02:29] Prevents Qe3+.} d6 19. Qxc5 dxc5 {[%emt 0:00:16] [#]} 20. O-O-O $1 {[%emt 0:00:05] Black must now prevent Bg2.} Be6 21. Bd3 {[%emt 0:00:08] Hoping for f5.} O-O 22. f5 {[%emt 0:01:17] Prevents g6.} Bd5 23. Rge1 ({White should play} 23. g6 $16) 23... Rfe8 24. Rxe8+ Rxe8 25. Bxa6 $14 {[%emt 0:00:02][%mdl 4096] Endgame KRB-KRB} Re5 26. Bc8 Bf3 27. Rf1 Bc6 28. Ba6 {[%emt 0:00:37] Inhibits Re2.} Kf8 29. Bd3 f6 30. gxf6 gxf6 {[%emt 0:00:05] White is slightly better.} 31. Kd2 Rd5 {[%emt 0:00:23] And now ...c4 would win.} 32. Rf4 Bb5 {[%emt 0:02:39] ...c4 is the strong threat.} 33. Ke3 Bxd3 34. cxd3 Ke7 35. a3 bxa3 36. bxa3 Kd6 37. a4 Ke5 {[%emt 0:15:12] Weighted Error Value: White=0.06 (flawless) /Black=0.07 (flawless)} ({Black should try} 37... Re5+ $14 38. Kd2 Kd5) 1/2-1/2